SKY
LOS ANGELES DODGERS @ VANCOUVER CASCADES
08/30/2051
 
TOP OF THE 1ST
Los Angeles Dodgers batting - Pitching for Vancouver Cascades : RHP Hugo Luevano
Pitching: RHP Hugo Luevano
Batting: RHB Noah Summerville 0-0: Foul Ball, location: 5F
0-1: Ball
1-1: SINGLE (Groundball, 6MD, EV 103.8 MPH)
Batting: LHB Trent Veasey 0-0: Foul Ball, location: 2F
0-1: SINGLE (Groundball, 34D, EV 98.8 MPH) (infield hit)
Noah Summerville to second
Batting: RHB Storm Ellis 0-0: Swinging Strike
0-1: Foul Ball, location: 7LMF
0-2: Ball
1-2: Strikes out swinging
Batting: LHB Kerry Pietrzak 0-0: Ball
1-0: Ball
2-0: Ball
3-0: Base on Balls
Noah Summerville to third
Trent Veasey to second
Batting: RHB Rusty Reffitt 0-0: Ball
1-0: Ball
2-0: Called Strike
2-1: Foul Ball, location: 5FF
2-2: Foul Ball, location: 5SF
2-2: Ball
3-2: Foul Ball, location: 2F
3-2: Foul Ball, location: 9LDF
3-2: Base on Balls
Noah Summerville scores
Trent Veasey to third
Kerry Pietrzak to second
Batting: LHB Andrew Sibold 0-0: Ball
1-0: Hit by Pitch
Trent Veasey scores
Kerry Pietrzak to third
Rusty Reffitt to second
Batting: RHB Isaac Joseph 0-0: Called Strike
0-1: Foul Ball, location: 7LMF
0-2: Foul Ball, location: 7LMF
0-2: Strikes out looking
Batting: SHB Rayan Díaz 0-0: Ball
1-0: Ball
2-0: Called Strike
2-1: Foul Ball, location: 9LSF
2-2: Strikes out swinging
Top of the 1st over - 2 runs, 2 hits, 0 errors, 3 left on base; Los Angeles 2 - Vancouver 0
BOTTOM OF THE 1ST
Vancouver Cascades batting - Pitching for Los Angeles Dodgers : RHP Keylon Mason
Pitching: RHP Keylon Mason
Batting: LHB Tony Patino 0-0: Foul Ball, location: 2F
0-1: Called Strike
0-2: SINGLE (Line Drive, 56D, EV 103.8 MPH)
Batting: SHB Asher Wurtz 0-0: Called Strike
0-1: Ball
1-1: Called Strike
1-2: Fly out, F8 (Flyball, 8RXD, EV 97.5 MPH)
Batting: LHB Lawrence Carla 0-0: Ball
1-0: Fielders Choice at 2nd, 4-6 (Groundball, 34, EV 85.6 MPH)
Batting: LHB Tony Wichmann 0-0: Called Strike
0-1: Ball
1-1: SINGLE (Line Drive, 6D, EV 95.6 MPH)
Lawrence Carla to second
Runner from 2nd tries for 3rd, SAFE, no throw by CF
Batting: SHB Beau Koss 0-0: Ball
1-0: Ball
2-0: Called Strike
2-1: Fly out, F9 (Flyball, 9D, EV 111.9 MPH)
Bottom of the 1st over - 0 runs, 2 hits, 0 errors, 2 left on base; Los Angeles 2 - Vancouver 0
TOP OF THE 2ND
Los Angeles Dodgers batting - Pitching for Vancouver Cascades : RHP Hugo Luevano
Batting: RHB Cooper Bean 0-0: Ball
1-0: Fly out, F9 (Flyball, 89M, EV 86.9 MPH)
Batting: RHB Noah Summerville 0-0: Called Strike
0-1: Ground out 5-3 (Groundball, 5, EV 102.5 MPH)
Batting: LHB Trent Veasey 0-0: Swinging Strike
0-1: SINGLE (Groundball, 4MD, EV 100.0 MPH)
Batting: RHB Storm Ellis 0-0: Called Strike
Trent Veasey steals 2nd base
0-1: Fly out, F7 (Flyball, 7D, EV 108.1 MPH)
Top of the 2nd over - 0 runs, 1 hit, 0 errors, 1 left on base; Los Angeles 2 - Vancouver 0
BOTTOM OF THE 2ND
Vancouver Cascades batting - Pitching for Los Angeles Dodgers : RHP Keylon Mason
Batting: RHB Echo Warren 0-0: Ball
1-0: Foul Ball, location: 2F
1-1: Ball
2-1: Swinging Strike
2-2: Foul Ball, location: 3DF
2-2: Ground out 4-3 (Groundball, 4, EV 91.9 MPH)
Batting: RHB Andy Kiser 0-0: Ground out 6-3 (Groundball, 6, EV 104.4 MPH)
Batting: RHB Jessie Cochran 0-0: Called Strike
0-1: Ground out 1-3 (Groundball, 13S, EV 71.3 MPH)
Bottom of the 2nd over - 0 runs, 0 hits, 0 errors, 0 left on base; Los Angeles 2 - Vancouver 0
TOP OF THE 3RD
Los Angeles Dodgers batting - Pitching for Vancouver Cascades : RHP Hugo Luevano
Batting: LHB Kerry Pietrzak 0-0: Swinging Strike
0-1: Ball
1-1: Ball
2-1: Ball
3-1: Base on Balls
Batting: RHB Rusty Reffitt 0-0: Called Strike
0-1: Fly out, F4 (Line Drive, 4, EV 71.3 MPH)
Batting: LHB Andrew Sibold 0-0: Ball
1-0: SINGLE (Groundball, 34D, EV 98.1 MPH)
Kerry Pietrzak to second
Batting: RHB Isaac Joseph 0-0: Called Strike
0-1: Called Strike
0-2: Ball
1-2: SINGLE (Line Drive, 56D, EV 101.9 MPH)
Kerry Pietrzak to third
Andrew Sibold to second
Batting: SHB Rayan Díaz 0-0: Ball
1-0: DOUBLE (Flyball, 78D, EV 94.4 MPH)
Kerry Pietrzak scores
Andrew Sibold scores
Isaac Joseph to third
Runner from 3rd tries for Home, SAFE, no throw by CF
Pitching: RHP Fulgencio Ochoa
Batting: RHB Cooper Bean 0-0: Called Strike
0-1: Ball
1-1: Swinging Strike
1-2: Ball
2-2: Strikes out looking
Batting: RHB Noah Summerville 0-0: Called Strike
0-1: Ball
1-1: Called Strike
1-2: Ball
2-2: Foul Ball, location: 3F
2-2: SINGLE (Groundball, 4MS, EV 68.1 MPH) (infield hit)
Rayan Díaz to third
Batting: LHB Trent Veasey 0-0: Swinging Strike
0-1: Called Strike
0-2: Ball
1-2: Ball
2-2: Fielders Choice at 2nd, U4 (Groundball, 4M, EV 91.3 MPH)
Top of the 3rd over - 3 runs, 4 hits, 0 errors, 2 left on base; Los Angeles 5 - Vancouver 0
BOTTOM OF THE 3RD
Vancouver Cascades batting - Pitching for Los Angeles Dodgers : RHP Keylon Mason
Batting: RHB Adam Young 0-0: Ball
1-0: SINGLE (Groundball, 6MD, EV 98.8 MPH)
Batting: LHB Tony Patino 0-0: SINGLE (Line Drive, 7S, EV 105.6 MPH)
Adam Young to second
Batting: SHB Asher Wurtz 0-0: Called Strike
0-1: SINGLE (Line Drive, 6MD, EV 97.5 MPH)
Adam Young to third
Tony Patino to second
Batting: LHB Lawrence Carla 0-0: Ball
1-0: Ball
2-0: Foul Ball, location: 25FF
2-1: Fly out, F7 (Line Drive, 7, EV 91.3 MPH)
Runner from 3rd tags up, SCORES, throw by LF
Batting: LHB Tony Wichmann 0-0: Ball
1-0: Called Strike
1-1: Ball
2-1: Foul Ball, location: 9LMF
2-2: Strikes out swinging
Batting: SHB Beau Koss 0-0: Foul Ball, location: 7LSF
0-1: Ball
1-1: Ball
2-1: SINGLE (Groundball, 6MD, EV 101.9 MPH)
Tony Patino to third
Asher Wurtz to second
Runner from 3rd tries for Home, SAFE, throw by CF to home
Batting: RHB Echo Warren 0-0: Foul Ball, location: 3SF
0-1: Ball
1-1: Ball
2-1: Swinging Strike
2-2: Strikes out swinging
Bottom of the 3rd over - 2 runs, 4 hits, 0 errors, 2 left on base; Los Angeles 5 - Vancouver 2
TOP OF THE 4TH
Los Angeles Dodgers batting - Pitching for Vancouver Cascades : RHP Fulgencio Ochoa
Batting: RHB Storm Ellis 0-0: Called Strike
0-1: Foul Ball, location: 2F
0-2: Ball
1-2: Ball
2-2: Ground out 4-3 (Groundball, 34, EV 93.1 MPH)
Batting: LHB Kerry Pietrzak 0-0: Ball
1-0: Called Strike
1-1: Ball
2-1: Called Strike
2-2: Strikes out swinging
Batting: RHB Rusty Reffitt 0-0: Foul Ball, location: 2LF
0-1: Swinging Strike
0-2: Ball
1-2: Foul Ball, location: 2F
1-2: Strikes out swinging
Top of the 4th over - 0 runs, 0 hits, 0 errors, 0 left on base; Los Angeles 5 - Vancouver 2
BOTTOM OF THE 4TH
Vancouver Cascades batting - Pitching for Los Angeles Dodgers : RHP Keylon Mason
Batting: RHB Andy Kiser 0-0: Ball
1-0: Foul Ball, location: 25F
1-1: Called Strike
1-2: Strikes out swinging
Batting: RHB Jessie Cochran 0-0: Ball
1-0: Fly out, F9 (Flyball, 9D, EV 110.6 MPH)
Batting: RHB Adam Young 0-0: Called Strike
0-1: Ball
1-1: Ball
2-1: Ball
3-1: Foul Ball, location: 2F
3-2: Strikes out swinging
Bottom of the 4th over - 0 runs, 0 hits, 0 errors, 0 left on base; Los Angeles 5 - Vancouver 2
TOP OF THE 5TH
Los Angeles Dodgers batting - Pitching for Vancouver Cascades : RHP Fulgencio Ochoa
Batting: LHB Andrew Sibold 0-0: Reached on error, E3 (Groundball, 13, EV 88.1 MPH)
Batting: RHB Isaac Joseph 0-0: Called Strike
Andrew Sibold steals 2nd base
0-1: Ball
1-1: Reached on error, E7 (Flyball, 7S, EV 80.6 MPH)
Andrew Sibold to third
Batting: SHB Rayan Díaz 0-0: Ball
1-0: Foul Ball, location: 2F
1-1: Swinging Strike
1-2: Foul Ball, location: 7LMF
1-2: Strikes out swinging
Batting: RHB Cooper Bean 0-0: Called Strike
0-1: Called Strike
0-2: SINGLE (Groundball, 6MD, EV 98.1 MPH)
Andrew Sibold scores
Isaac Joseph to second
Batting: RHB Noah Summerville 0-0: Ball
1-0: Ball
2-0: Ball
3-0: Base on Balls
Isaac Joseph to third
Cooper Bean to second
Batting: LHB Trent Veasey 0-0: Foul Ball, location: 2F
0-1: Foul Ball, location: 23F
0-2: DOUBLE (Flyball, 8RXD, EV 96.3 MPH)
Isaac Joseph scores
Cooper Bean scores
Noah Summerville to third
Runner from 3rd tries for Home, SAFE, throw by CF to trailing runner, OUT at third! 8-3-5
Batting: RHB Storm Ellis 0-0: Swinging Strike
0-1: Foul Ball, location: 25F
0-2: Foul Ball, location: 5FF
0-2: Strikes out looking
Top of the 5th over - 4 runs, 2 hits, 2 errors, 0 left on base; Los Angeles 9 - Vancouver 2
BOTTOM OF THE 5TH
Vancouver Cascades batting - Pitching for Los Angeles Dodgers : RHP Keylon Mason
Batting: LHB Tony Patino 0-0: Fly out, F7 (Flyball, 7, EV 95.6 MPH)
Batting: SHB Asher Wurtz 0-0: Swinging Strike
0-1: Ball
1-1: Called Strike
1-2: Ball
2-2: Strikes out swinging
Batting: LHB Lawrence Carla 0-0: Ball
1-0: Foul Ball, location: 7LMF
1-1: Ball
2-1: Ball
3-1: SINGLE (Groundball, 4MS, EV 66.9 MPH) (infield hit)
Batting: LHB Tony Wichmann 0-0: Ball
1-0: Ball
2-0: Called Strike
2-1: Ball
3-1: Base on Balls
Lawrence Carla to second
Batting: SHB Beau Koss 0-0: SINGLE (Line Drive, 4D, EV 101.3 MPH)
Lawrence Carla to third
Tony Wichmann to second
Runner from 3rd tries for Home, SAFE, throw by CF to home
Batting: RHB Echo Warren 0-0: Called Strike
0-1: Ball
1-1: Ball
2-1: Foul Ball, location: 9LSF
2-2: Ball
3-2: Foul Ball, location: 2F
3-2: Base on Balls
Tony Wichmann to third
Beau Koss to second
Batting: RHB Andy Kiser 0-0: Ball
1-0: Fly out, F9 (Line Drive, 89M, EV 99.4 MPH)
Bottom of the 5th over - 1 run, 2 hits, 0 errors, 3 left on base; Los Angeles 9 - Vancouver 3
TOP OF THE 6TH
Los Angeles Dodgers batting - Pitching for Vancouver Cascades : RHP Fulgencio Ochoa
Pitching: RHP Jeff Frost
Batting: LHB Kerry Pietrzak 0-0: Fly out, F7 (Flyball, 7, EV 86.9 MPH)
Batting: RHB Rusty Reffitt 0-0: Ball
1-0: Ball
2-0: Ball
3-0: Called Strike
3-1: Ground out U3 (Groundball, 23, EV 88.1 MPH)
Batting: LHB Andrew Sibold 0-0: Ball
1-0: Ball
2-0: Ball
3-0: Base on Balls
Batting: RHB Isaac Joseph 0-0: Ball
1-0: Swinging Strike
1-1: Called Strike
Andrew Sibold steals 2nd base
1-2: Ball
2-2: SINGLE (Groundball, 34, EV 110.6 MPH) (infield hit)
Andrew Sibold to third
Batting: SHB Rayan Díaz 0-0: Called Strike
0-1: Swinging Strike
0-2: Ball
1-2: Foul Ball, location: 2F
1-2: Foul Ball, location: 2F
1-2: Strikes out swinging
Top of the 6th over - 0 runs, 1 hit, 0 errors, 2 left on base; Los Angeles 9 - Vancouver 3
BOTTOM OF THE 6TH
Vancouver Cascades batting - Pitching for Los Angeles Dodgers : RHP Keylon Mason
Batting: RHB Jessie Cochran 0-0: Ball
1-0: Ball
2-0: Called Strike
2-1: DOUBLE (Flyball, 8RXD, EV 97.5 MPH)
Batting: RHB Adam Young 0-0: Ball
1-0: Ball
2-0: SINGLE (Groundball, 34D, EV 103.1 MPH)
Jessie Cochran to third
Batting: LHB Tony Patino 0-0: Foul Ball, location: 23F
0-1: Ball
1-1: Ball
2-1: Fielders Choice at 2nd, 4-6 (Groundball, 34, EV 88.1 MPH)
Jessie Cochran scores
Batting: SHB Asher Wurtz 0-0: Ball
Tony Patino steals 2nd base
1-0: Called Strike
1-1: Ball
2-1: DOUBLE (Line Drive, 7LS, EV 105.6 MPH)
Tony Patino scores
Pitching: LHP Mike Nimitz
Batting: LHB Lawrence Carla 0-0: Ball
1-0: Called Strike
1-1: SINGLE (Line Drive, 8LS, EV 104.4 MPH)
Asher Wurtz to third
Batting: LHB Tony Wichmann 0-0: Ball
1-0: Ground out 4-3 (Groundball, 34, EV 105.0 MPH)
Asher Wurtz scores
Lawrence Carla to second
Batting: SHB Beau Koss 0-0: Ball
1-0: Ground out 5-3 (Groundball, 56, EV 93.1 MPH)
Bottom of the 6th over - 3 runs, 4 hits, 0 errors, 1 left on base; Los Angeles 9 - Vancouver 6
TOP OF THE 7TH
Los Angeles Dodgers batting - Pitching for Vancouver Cascades : RHP Jeff Frost
Now at SS: Jakob Nero
Batting: RHB Cooper Bean 0-0: Called Strike
0-1: Ball
1-1: Ground out 4-3 (Groundball, 4, EV 86.3 MPH)
Batting: RHB Noah Summerville 0-0: Called Strike
0-1: Called Strike
0-2: Ball
1-2: Ball
2-2: Strikes out swinging
Batting: LHB Trent Veasey 0-0: Called Strike
0-1: Foul Ball, location: 3SF
0-2: Ball
1-2: Ground out 4-3 (Groundball, 4, EV 83.1 MPH)
Top of the 7th over - 0 runs, 0 hits, 0 errors, 0 left on base; Los Angeles 9 - Vancouver 6
BOTTOM OF THE 7TH
Vancouver Cascades batting - Pitching for Los Angeles Dodgers : LHP Mike Nimitz
Batting: RHB Echo Warren 0-0: Ball
1-0: Ball
2-0: Called Strike
2-1: Ball
3-1: Base on Balls
Batting: RHB Andy Kiser 0-0: Ball
1-0: Ball
2-0: Ball
3-0: Fly out, F8 (Flyball, 8LD, EV 105.6 MPH)
Batting: RHB Jessie Cochran 0-0: Swinging Strike
0-1: Ball
1-1: Grounds into double play, 5-4-3 (Groundball, 5, EV 85.0 MPH)
Bottom of the 7th over - 0 runs, 0 hits, 0 errors, 0 left on base; Los Angeles 9 - Vancouver 6
TOP OF THE 8TH
Los Angeles Dodgers batting - Pitching for Vancouver Cascades : RHP Jeff Frost
Batting: RHB Storm Ellis 0-0: Called Strike
0-1: Called Strike
0-2: Ball
1-2: Foul Ball, location: 2F
1-2: Foul Ball, location: 2F
1-2: Ball
2-2: Foul Ball, location: 2F
2-2: Ground out 4-3 (Groundball, 4, EV 90.6 MPH)
Batting: LHB Kerry Pietrzak 0-0: Ball
1-0: Foul Ball, location: 7LSF
1-1: Ball
2-1: Foul Ball, location: 5SF
2-2: Foul Ball, location: 2F
2-2: Ground out U3 (Groundball, 34S, EV 75.6 MPH)
Batting: RHB Rusty Reffitt 0-0: Called Strike
0-1: Foul Ball, location: 2F
0-2: Foul Ball, location: 5FF
0-2: Ball
1-2: SINGLE (Groundball, 5D, EV 99.4 MPH) (infield hit)
Pitching: RHP Tony Young
Batting: LHB Andrew Sibold 0-0: Ground out 4-3 (Groundball, 34, EV 88.8 MPH)
Top of the 8th over - 0 runs, 1 hit, 0 errors, 1 left on base; Los Angeles 9 - Vancouver 6
BOTTOM OF THE 8TH
Vancouver Cascades batting - Pitching for Los Angeles Dodgers : LHP Mike Nimitz
Pitching: RHP Aiden Cohen
Now in RF: Griffin Johnston
Batting: LHB Jakob Nero 0-0: Ball
1-0: Called Strike
1-1: Foul Ball, location: 2F
1-2: Strikes out swinging
Batting: LHB Tony Patino 0-0: Ball
1-0: Ball
2-0: Swinging Strike
2-1: Called Strike
2-2: Foul Ball, location: 2F
2-2: Strikes out looking
Batting: SHB Asher Wurtz 0-0: Ball
1-0: Called Strike
1-1: Foul Ball, location: 25FF
1-2: Foul Ball, location: 7LSF
1-2: Ball
2-2: Strikes out looking
Bottom of the 8th over - 0 runs, 0 hits, 0 errors, 0 left on base; Los Angeles 9 - Vancouver 6
TOP OF THE 9TH
Los Angeles Dodgers batting - Pitching for Vancouver Cascades : RHP Tony Young
Batting: RHB Isaac Joseph 0-0: Ball
1-0: Foul Ball, location: 23FF
1-1: Fly out, F8 (Line Drive, 8LM, EV 90.6 MPH)
Batting: SHB Rayan Díaz 0-0: Swinging Strike
0-1: Ball
1-1: Ball
2-1: Foul Ball, location: 2F
2-2: Foul Ball, location: 2F
2-2: Strikes out swinging
Batting: RHB Cooper Bean 0-0: Called Strike
0-1: Called Strike
0-2: SINGLE (Groundball, 4MD, EV 107.5 MPH)
Batting: RHB Noah Summerville 0-0: Called Strike
0-1: Ball
1-1: Foul Ball, location: 2F
1-2: Ball
2-2: Strikes out looking
Top of the 9th over - 0 runs, 1 hit, 0 errors, 1 left on base; Los Angeles 9 - Vancouver 6
BOTTOM OF THE 9TH
Vancouver Cascades batting - Pitching for Los Angeles Dodgers : RHP Aiden Cohen
Batting: LHB Lawrence Carla 0-0: Ball
1-0: Ball
2-0: Foul Ball, location: 9LMFF
2-1: Called Strike
2-2: Foul Ball, location: 3FF
2-2: Strikes out looking
Batting: LHB Tony Wichmann 0-0: Ball
1-0: Foul Ball, location: 5SF
1-1: SOLO HOME RUN (Flyball, 9D, EV 95.6 MPH), Distance : 372 ft
Batting: SHB Beau Koss 0-0: Ball
1-0: Ball
2-0: Ball
3-0: Called Strike
3-1: Ground out 4-3 (Groundball, 4, EV 81.3 MPH)
Batting: RHB Echo Warren 0-0: Fly out, F8 (Flyball, 8RD, EV 90.0 MPH)
Bottom of the 9th over - 1 run, 1 hit, 0 errors, 0 left on base; Los Angeles 9 - Vancouver 7
Thursday, March 28th , 2024 - OOTP Baseball 24.11 Build 85